 Dungeon Crawl Stone Soup version 0.20.1-1-g8b1a95d (webtiles) character file.

413 dohliylev the Covert (level 6, -1/44 HPs)
             Began as a Vampire Assassin on Dec 3, 2017.
             Was an Initiate of Nemelex Xobeh.
             Succumbed to a big kobold's poison
             ... on level 3 of the Dungeon.
             The game lasted 00:08:21 (2499 turns).

dohliylev the Covert (Vampire Assassin)             Turns: 2499, Time: 00:08:22

Health: -1/44      AC:  3    Str: 10    XL:     6   Next: 59%
Magic:  6/6        EV: 12    Int: 13    God:    Nemelex Xobeh [......]
Gold:   145        SH:  0    Dex: 18    Spells: 5/5 levels left

rFire    . . .     SeeInvis +   a - +3 dagger
rCold    . . .     Gourm    .   (no shield)
rNeg     + . .     Faith    .   c - +0 robe
rPois    .         Spirit   .   (no helmet)
rElec    .         Reflect  .   d - +0 cloak
rCorr    .         Harm     .   (no gloves)
MR       .....                  (no boots)
Stlth    ++++++....             (no amulet)
Regen    0.2/turn               j - ring of stealth
MPRegen  0.1/turn               (no ring)

@: lethally poisoned (-1 -> -25), flying, hasted, very quick
A: fangs 3, see invisible, unbreathing
a: Bat Form, Renounce Religion


You were on level 3 of the Dungeon.
You worshipped Nemelex Xobeh.
Nemelex Xobeh was noncommittal.
You were not thirsty.

You visited 1 branch of the dungeon, and saw 3 of its levels.

You collected 145 gold pieces.

Inventory:

Hand Weapons
 a - a +3 dagger (weapon)
 b - a +0 blowgun
Missiles
 e - 5 poisoned needles
 f - 2 curare-tipped needles
Armour
 c - a +0 robe (worn)
 d - a +0 cloak (worn)
Jewellery
 j - a ring of stealth (left hand)
Wands
 q - a wand of digging (10/24)
Scrolls
 h - a scroll of enchant weapon {unknown}
 i - 6 scrolls of identify {unknown}
 k - a scroll of amnesia {unknown}
 l - a scroll of recharging {unknown}
 m - a scroll of noise {unknown}
 o - 2 scrolls of fog {unknown}
 t - a scroll of enchant armour {unknown}
Potions
 g - 5 potions of blood
 r - 2 potions of flight
Books
 p - a book of Changes

   Spells                             Type                      Level
   a - Beastly Appendage              Transmutation                1
   b - Sticks to Snakes               Transmutation                2
   c - Spider Form                    Transmutation/Poison         3
   d - Ice Form                       Ice/Transmutation            4
   e - Blade Hands                    Transmutation                5
Miscellaneous
 s - a plain deck of destruction


   Skills:
 - Level 1.7 Fighting
 - Level 2.1 Short Blades
 - Level 1.5 Throwing
 - Level 1.1 Dodging
 + Level 11.9 Stealth


You had 5 spell levels left.
You didn't know any spells.

Dungeon Overview and Level Annotations

Branches:
Dungeon (3/15)

Altars:
Elyvilon
Gozag
Nemelex Xobeh
Trog

Annotations:
D:3 broninjaking's ghost, weakling DsNe


Innate Abilities, Weirdness & Mutations

You have razor-sharp teeth.
You have supernaturally acute eyesight. (SInv)
You can survive without breathing.


Message History

You feel sick.
* * * LOW HITPOINT WARNING * * *
You feel sick.
Okay, then.
It was a potion of flight.
You feel very buoyant.
You fly up into the air.
* * * LOW HITPOINT WARNING * * *
You feel sick. The big kobold barely misses you.
It was a potion of haste.
You feel yourself speed up.
* * * LOW HITPOINT WARNING * * *
You feel sick.
The big kobold hits you with a dagger of venom.
* * * LOW HITPOINT WARNING * * *
You are more poisoned.
Okay, then.
* * * LOW HITPOINT WARNING * * *
You feel sick.
You die...
Your body disappears without a glow.

...............<....#(# #.<......
...................##.###.##.....
....#####....#.###.##......#.....
#...## #..........≈≈≈≈≈#.##.....
#.#..# #######.###≈≈≈≈≈≈≈≈#######
.....###.....###≈≈≈≈≈≈≈≈######
#.##...))......######≈###..%[#
#.##....#####.......###....%=#
..##)####≈≈≈###.@.K....).#
###..#≈≈≈≈≈≈≈≈######...###
###.###≈≈≈≈≈≈≈≈≈...#####
.........≈≈≈........
##.##..#.###...#...
##.##.#..K.........#
##...###.##.........
##.##.#.###.####.... .......##
#.# ###


You could see a big kobold.

Vanquished Creatures
  Sigmund (D:2)
  An ogre (D:3)
  A centaur (D:3)
  Jessica (D:2)
  Terence (D:2)
  An ooze (D:1)
  A dart slug (D:2)
  3 leopard geckos
  An orc (D:3)
  4 bats
  4 giant cockroaches
  7 goblins
  7 hobgoblins
  14 kobolds
  3 rats
50 creatures vanquished.

Notes
Turn   | Place    | Note
-------+----------+-------------------------------------------
     0 | D:1      | dohliylev the Vampire Assassin began the quest for the Orb.
     0 | D:1      | Reached XP level 1. HP: 16/16 MP: 1/1
    45 | D:1      | Reached skill level 6 in Stealth
   273 | D:1      | Reached XP level 2. HP: 19/22 MP: 2/2
   465 | D:1      | Reached skill level 7 in Stealth
   684 | D:1      | Reached XP level 3. HP: 20/27 MP: 3/3
   864 | D:2      | Noticed Terence
   869 | D:2      | Killed Terence
   869 | D:2      | Reached skill level 8 in Stealth
   904 | D:2      | Found a white marble altar of Elyvilon.
   915 | D:2      | Found a bloodstained altar of Trog.
  1029 | D:2      | Found a faded altar of an unknown god.
  1253 | D:2      | Noticed Jessica
  1266 | D:2      | Killed Jessica
  1266 | D:2      | Reached XP level 4. HP: 33/33 MP: 4/4
  1443 | D:2      | Reached skill level 9 in Stealth
  1484 | D:2      | Noticed Sigmund
  1697 | D:2      | Killed Sigmund
  1697 | D:2      | Reached skill level 10 in Stealth
  1697 | D:2      | Reached XP level 5. HP: 35/38 MP: 5/5
  1901 | D:3      | Noticed an ogre
  1909 | D:3      | Noticed broninjaking's ghost (weakling DsNe)
  2144 | D:3      | Noticed a centaur
  2149 | D:3      | Killed a centaur
  2149 | D:3      | Reached skill level 11 in Stealth
  2149 | D:3      | Reached XP level 6. HP: 44/44 MP: 6/6
  2254 | D:3      | Found an opulent altar of Gozag.
  2255 | D:3      | Found a sparkling altar of Nemelex Xobeh.
  2263 | D:3      | Became a worshipper of Nemelex Xobeh the Trickster
  2375 | D:3      | Received a gift from Nemelex Xobeh
  2497 | D:3      | HP: 2/44 [big kobold/dagger of venom (5)]
  2499 | D:3      | Succumbed to a big kobold's poison

Skill      XL: |  1  2  3  4  5 |
---------------+----------------+-----
Stealth        | 6 7 8 10 11 | 11.9
Fighting       | |  1.7
Short Blades   | |  2.1
Throwing       | |  1.5
Dodging        | |  1.1

Action                   |  1- 3 |  4- 6 || total
-------------------------+-------+-------++-------
Melee: Dagger            |    58 |    47 ||   105
       Bite              |     4 |     4 ||     8
 Fire: Blowgun           |    11 |    16 ||    27
 Abil: End Transformatio |       |     4 ||     4
       Bat Form          |       |     4 ||     4
  Use: Potion            |       |     2 ||     2
 Stab: Sleeping          |    14 |     5 ||    19
       Distracted        |     1 |       ||     1
  Eat: Corpse            |     5 |     3 ||     8
Armor: Robe              |    19 |     5 ||    24
Dodge: Dodged            |    33 |    23 ||    56
